 Dungeon Crawl Stone Soup version 0.29.1-14-g9c671dbff4 (webtiles) character file.

Game seed: 14150307059968381188

7 croobank the Chiller (level 1, -1/13 HPs)
             Began as a Demonspawn Ice Elementalist on Feb 13, 2023.
             Frozen to death by an endoplasm (2 damage)
             ... on level 1 of the Dungeon.
             The game lasted 00:01:15 (416 turns).

croobank the Chiller (Demonspawn Ice Elementalist)   Turns: 416, Time: 00:01:16

Health: -1/13      AC:  3    Str:  8    XL:     1   Next: 91%
Magic:  0/3        EV: 12    Int: 16    God:
Gold:   18         SH:  0    Dex: 13    Spells: 3/4 levels left

rFire   . . .      SeeInvis .   (no weapon)
rCold   . . .      Faith    .   (no shield)
rNeg    . . .      Spirit   .   a - +1 robe
rPois   .          Reflect  .   (no helmet)
rElec   .          Harm     .   (no cloak)
rCorr   .          Rampage  .   (no gloves)
Will    .....                   (no boots)
Stlth   ++........              (no amulet)
HPRegen 0.04/turn               (no ring)
MPRegen 0.08/turn               (no ring)

@: no status effects
A: no striking features
a: no special abilities


You were on level 1 of the Dungeon.
You visited 1 branch of the dungeon, and saw 1 of its levels.

You collected 18 gold pieces.

Inventory:

Missiles
 c - 5 curare-tipped darts (quivered)
Armour
 a - a +1 robe (worn)
Potions
 b - a potion of magic


   Skills:
 + Level 0.2 Fighting
 + Level 1.9 Dodging
 + Level 2.0 Stealth
 + Level 2.1 Spellcasting
 + Level 3.7 Ice Magic


You had 3 spell levels left.
You knew the following spells:

 Your Spells              Type           Power      Damage    Failure   Level
a - Freeze                Ice            52%        1d7       4%          1

Your spell library contained the following spells:

 Spells                   Type           Power      Damage    Failure   Level
 Frozen Ramparts          Ice            26%        1d4       14%         3
 Ozocubu's Armour         Ice            13%        N/A       14%         3
 Hailstorm                Conj/Ice       7%         3d4       67%         4


Dungeon Overview and Level Annotations

Branches:
Dungeon (1/15)

Altars:


Message History

You freeze the endoplasm.
The endoplasm is lightly wounded.
The endoplasm completely misses you.
Casting: Freeze (safe; 4% risk of failure)
Confirm with . or Enter, or press ? or * to list all spells.
Aiming: Freeze (safe; 4% risk of failure)
Press: ? - help, Shift-Dir - straight line, f/p - endoplasm
Aim: an endoplasm (lightly wounded)
You freeze the endoplasm.
The endoplasm is moderately wounded.
The endoplasm barely misses you.
Casting: Freeze (safe; 4% risk of failure)
Confirm with . or Enter, or press ? or * to list all spells.
Aiming: Freeze (safe; 4% risk of failure)
Press: ? - help, Shift-Dir - straight line, f/p - endoplasm
Aim: an endoplasm (moderately wounded)
You freeze the endoplasm.
The endoplasm is heavily wounded.
The endoplasm closely misses you.
Casting: Freeze (safe; 4% risk of failure)
Confirm with . or Enter, or press ? or * to list all spells.
You don't have enough magic to cast this spell.
The endoplasm hits you.
Okay, then.
Throw: 6 darts (curare)
Press: ? - help, Q - select action, (/) - cycle Shift-Dir - straight line, f/p - endoplasm
Aim: an endoplasm (heavily wounded, 85% to hit)
You throw a curare-tipped dart.
The curare-tipped dart hits the endoplasm.
The endoplasm is heavily wounded.
The endoplasm freezes you.
You are frozen.
* * * LOW HITPOINT WARNING * * *
Okay, then.
As you read the scroll labelled GANEFUWK IGEV, it crumbles to dust.
It is a scroll of enchant armour.
Your +0 robe glows green for a moment.
The endoplasm freezes you.
You are frozen.
You die...

##.....##.........##.
##.......#.........##.
#.......).###....####.
+.........+ ....... ..
#.........###.......
##.......## ##..#####
##.....## .## ##...##
##@## #J# ... .#.#.
#...... . ... .# ##
... .# .#... #


You could see an endoplasm.

Vanquished Creatures
  2 goblins (D:1)
  A hobgoblin (D:1)
  A quokka (D:1)
  A ball python (D:1)
  A frilled lizard (D:1)
  A rat (D:1)
7 creatures vanquished.

Notes
Turn   | Place    | Note
-------+----------+-------------------------------------------
     0 | D:1      | croobank the Demonspawn Ice Elementalist began the quest
                  | for the Orb.
     0 | D:1      | Reached XP level 1. HP: 13/13 MP: 3/3
   416 | D:1      | Frozen to death by an endoplasm

Illustrated notes

Levels and vault maps discovered:
D:1:      co_arrival_random_square_maze, layout_loops_corners

Skill      XL: |  1 |
---------------+----+-----
Stealth        | 2 |  2.0
Fighting       | |  0.2
Dodging        | |  1.9
Spellcasting   | |  2.1
Ice Magic      | |  3.7

Action                   || total
-------------------------++-------
Melee: Unarmed           ||     1
Throw: Dart              ||     1
 Cast: Freeze            ||    12
  Use: Scroll            ||     1
Armor: Robe              ||     1
Dodge: Dodged            ||     9
